 Dungeon Crawl Stone Soup version 0.18.1-48-g4cf74bf (webtiles) character file.

178 atgrul the Poker (level 5, -2/38 HPs)
             Began as a Merfolk Skald on Aug 14, 2016.
             Slain by an orc priest
             ... wielding a +0 flail
              (9 damage)
             ... on level 3 of the Dungeon.
             The game lasted 00:08:26 (2780 turns).

atgrul the Poker (Merfolk Skald)                    Turns: 2780, Time: 00:08:28

Health: -2/38      AC:  3    Str: 10 (12) XL:     5   Next: 58%
Magic:  1/8        EV: 11    Int: 10 (12) God:
Gold:   123        SH:  0    Dex: 13 (14) Spells: 3 memorised, 2 levels left

rFire  . . .     SeeInvis .     a - +0 spear
rCold  . . .     Gourm    .     q - +0 leather armour
rNeg   . . .     Faith    .     (no shield)
rPois  .         Spirit   .     (no helmet)
rElec  .         Dismiss  .     (no cloak)
rCorr  .         Reflect  .     (no gloves)
SustAt .         Harm     .     (no boots)
MR     .....                    (no amulet)
Stlth  +.........               (no ring)
                                (no ring)

@: infused, flying, not resistant to hostile enchantments, very unstealthy
A: change form in water, swift swim
a: no special abilities


You were on level 3 of the Dungeon.
You were not hungry.

You visited 1 branch of the dungeon, and saw 3 of its levels.

You collected 123 gold pieces.

Inventory:

Hand Weapons
 a - a +0 spear (weapon)
Armour
 b - a +0 leather armour
 q - a +0 leather armour (worn)
Jewellery
 t - an uncursed amulet of faith {unknown}
Scrolls
 g - a scroll of remove curse {unknown}
 i - a scroll of blinking {unknown}
 j - a scroll of noise {unknown}
 m - a scroll of fear {unknown}
 n - 2 scrolls of identify {unknown}
 o - 2 scrolls of amnesia {unknown}
 r - a scroll of immolation {unknown}
 u - a scroll of random uselessness {unknown}
Potions
 h - a potion of degeneration
 k - a potion of ambrosia {unknown}
 l - a potion of magic {unknown}
 p - a potion of heal wounds {unknown}
 s - a potion of mutation {unknown}
Books
 c - a book of Battle

   Spells                             Type                      Level
   a - Infusion                       Charms                       1
   b - Shroud of Golubria             Charms/Translocation         2
   c - Song of Slaying                Charms                       2
   d - Spectral Weapon                Hexes/Charms                 3
   e - Regeneration                   Charms/Necromancy            3
Comestibles
 d - 2 bread rations
 f - a slice of pizza
 v - 2 chunks of flesh
 w - a meat ration


   Skills:
 - Level 2.1 Fighting
 + Level 5.7 Polearms
 - Level 0.6 Armour
 - Level 1.5 Dodging
 - Level 2.0 Spellcasting
 + Level 5.4 Charms


You had 2 spell levels left.
You knew the following spells:

 Your Spells              Type           Power        Failure   Level  Hunger
a - Infusion              Chrm           ##..         6%          1    ##.....
b - Spectral Weapon       Hex/Chrm       #.......     45%         3    ####...
c - Song of Slaying       Chrm           ##......     10%         2    ###....


Dungeon Overview and Level Annotations

Branches:
Dungeon (3/15)

Altars:
Makhleb


Message History

You closely miss the orc priest.
The orc priest is severely wounded.
You hit the orc priest.
The orc priest is almost dead.
The orc priest mumbles some strange prayers to Beogh against you.
Pain shoots through your body!
* * * LOW HITPOINT WARNING * * *
You are too injured to fight recklessly!
You are too injured to fight recklessly!
You are too injured to fight recklessly!
You are too injured to fight recklessly!
You are too injured to fight recklessly!
It was a potion of degeneration.
There was something very wrong with that liquid.
You feel weakened.
You feel dopey.
You feel clumsy. The orc priest misses you.
It was a potion of flight.
You feel very buoyant.
You fly up into the air.
The orc priest hits you with a flail!
You die...

########## #........[ #
#.######## ####.#### #<#
##)o......
..#############.@#######
..........#......#
....#####.#.####.#######
............# #...'_'....#
....#####...####.###'###..#
....# #........# #.# #..#
.##.# #.)####..###.###..###
###.# #..## ##............#
#.# #...# ##.##...#....#


You could see an orc priest.

Vanquished Creatures
  An orc priest (D:3)
  2 orc wizards (D:3)
  An adder (D:3)
  2 oozes
  A worm (D:2)
  3 dart slugs (D:1)
  5 orcs (D:3)
  A giant cockroach (D:2)
  9 goblins
  10 hobgoblins
  3 jackals (D:3)
  4 quokkas
  5 bats
  A giant newt (D:3)
  6 kobolds
  4 rats
58 creatures vanquished.

Notes
Turn   | Place    | Note
--------------------------------------------------------------
     0 | D:1      | atgrul the Merfolk Skald began the quest for the Orb.
     0 | D:1      | Reached XP level 1. HP: 16/16 MP: 3/3
    91 | D:1      | Reached XP level 2. HP: 13/22 MP: 5/5
   558 | D:1      | Reached XP level 3. HP: 26/27 MP: 6/6
  2127 | D:3      | Reached XP level 4. HP: 27/33 MP: 2/7
  2212 | D:3      | Reached skill level 5 in Charms
  2523 | D:3      | Reached skill level 5 in Polearms
  2523 | D:3      | Reached XP level 5. HP: 37/38 MP: 4/8
  2531 | D:3      | Found a burning altar of Makhleb.
  2682 | D:3      | Learned a level 3 spell: Spectral Weapon
  2685 | D:3      | Learned a level 2 spell: Song of Slaying
  2780 | D:3      | Slain by an orc priest

Skill      XL: |  1  2  3  4 |
---------------+-------------+-----
Charms         | 4 5 |  5.4
Polearms       | 4 5 |  5.7
Fighting       | |  2.1
Armour         | |  0.6
Dodging        | |  1.5
Spellcasting   | |  2.0

Action                   |  1- 3 |  4- 6 || total
-------------------------+-------+-------++-------
Melee: Spear             |   171 |    99 ||   270
 Cast: Infusion          |     4 |     7 ||    11
  Use: Potion            |       |     2 ||     2
  Eat: Chunk             |     4 |     2 ||     6
Armor: Leather armour    |    22 |    16 ||    38
Dodge: Dodged            |    57 |    34 ||    91
